 Dungeon Crawl Stone Soup version 0.29.1-12-g30fa7ad0bf (webtiles) character file.

Game seed: 12224027441510888992

3612 wormed the Summoner (level 10, 0/74 HPs)
             Began as a Gnoll Summoner on Dec 26, 2022.
             Slain by Psyche
             ... wielding a +0 dagger of distortion
              (3 damage)
             ... on level 8 of the Dungeon.
             The game lasted 00:20:55 (11607 turns).

wormed the Summoner (Gnoll Summoner)               Turns: 11607, Time: 00:20:56

Health: 0/74       AC:  7    Str:  8    XL:     10   Next: 11%
Magic:  11/20      EV: 14    Int: 19    God:
Gold:   357        SH:  0    Dex: 12    Spells: 7/23 levels left

rFire   . . .      SeeInvis .   i - +0 dagger
rCold   . . .      Faith    .   (no shield)
rNeg    + . .      Spirit   .   a - +0 robe
rPois   .          Reflect  .   (no helmet)
rElec   .          Harm     .   F - +2 cloak
rCorr   .          Rampage  +   (no gloves)
Will    .....                   G - +1 pair of boots {rampage}
Stlth   +++.......              (no amulet)
HPRegen 0.22/turn               e - ring of positive energy
MPRegen 0.17/turn               E - ring of flight

@: flying
A: fangs 1, strong nose, distributed training
a: no special abilities


You were on level 8 of the Dungeon.
You visited 2 branches of the dungeon, and saw 9 of its levels.

You collected 357 gold pieces.

Inventory:

Hand Weapons
 i - a +0 dagger (weapon)
Missiles
 x - 9 silver javelins
 z - a throwing net
Armour
 a - a +0 robe (worn)
 F - a +2 cloak (worn)
 G - a +1 pair of boots of rampaging (worn)
Jewellery
 e - a ring of positive energy (left hand)
 m - an amulet of guardian spirit
 E - a ring of flight (right hand)
Wands
 w - a wand of iceblast (8)
 y - a wand of charming (7)
Scrolls
 c - 4 scrolls of enchant armour {unknown}
 d - 6 scrolls of noise {unknown}
 f - a scroll of enchant weapon {unknown}
 g - 5 scrolls of magic mapping {unknown}
 h - 2 scrolls of vulnerability {unknown}
 j - 4 scrolls of teleportation {unknown}
 k - a scroll of poison {unknown}
 l - 4 scrolls of blinking {unknown}
 n - 5 scrolls of amnesia {unknown}
 q - 8 scrolls of identify {unknown}
 s - a scroll of summoning {unknown}
 A - 2 scrolls of butterflies {unknown}
 B - 3 scrolls of brand weapon {unknown}
 H - 2 scrolls of fear {unknown}
Potions
 b - a potion of magic
 o - 3 potions of heal wounds {unknown}
 p - a potion of resistance {unknown}
 r - a potion of cancellation {unknown}
 t - 6 potions of curing {unknown}
 u - a potion of might {unknown}
 v - a potion of degeneration {unknown}
 C - a potion of ambrosia {unknown}
 D - a potion of berserk rage {unknown}
 I - a potion of lignification {unknown}


   Skills:
 + Level 5.1 Fighting
 + Level 5.1 Short Blades
 + Level 5.1 Long Blades
 + Level 5.1 Axes
 + Level 5.1 Maces & Flails
 + Level 5.1 Polearms
 + Level 5.1 Staves
 + Level 5.1 Ranged Weapons
 + Level 5.1 Throwing
 + Level 5.1 Armour
 + Level 7.0 Dodging
 + Level 6.7 Stealth
 + Level 5.1 Shields
 + Level 5.1 Unarmed Combat
 + Level 7.2 Spellcasting
 + Level 4.2 Conjurations
 + Level 4.2 Hexes
 + Level 8.4 Summonings
 + Level 4.2 Necromancy
 + Level 4.2 Translocations
 + Level 4.2 Transmutations
 + Level 4.2 Fire Magic
 + Level 4.2 Ice Magic
 + Level 4.2 Air Magic
 + Level 4.2 Earth Magic
 + Level 4.2 Poison Magic
 + Level 5.6 Invocations
 + Level 5.1 Evocations


You had 7 spell levels left.
You knew the following spells:

 Your Spells              Type           Power      Damage    Failure   Level
a - Summon Small Mammal   Summ           100%       N/A       1%          1
b - Call Canine Familiar  Summ           38%        N/A       1%          3
c - Summon Guardian Gole  Hex/Summ       30%        N/A       2%          3
d - Summon Lightning Spi  Summ/Air       30%        N/A       8%          4
e - Summon Mana Viper     Hex/Summ       30%        N/A       21%         5

Your spell library contained the following spells:

 Spells                   Type           Power      Damage    Failure   Level
 Call Imp                 Summ           38%        N/A       1%          2
 Summon Ice Beast         Ice/Summ       30%        N/A       8%          4
 Monstrous Menagerie      Summ           19%        N/A       95%         7


Dungeon Overview and Level Annotations

Branches:
Dungeon (8/15)             Temple (1/1) D:4
   Lair: D:8-11

Altars:
Ashenzari
Cheibriados
Dithmenos
Elyvilon
Fedhas
Gozag
Kikubaaqudgha
Makhleb
Nemelex Xobeh
Okawaru
Qazlal
Ru
Trog
Wu Jian
Yredelemnul

Shops:
D:1 ?   D:4 :   D:8 [

Annotations:
D:8 Psyche


Innate Abilities, Weirdness & Mutations

You have very sharp teeth.
Your uncanny sense of smell can sniff out nearby items.
Your experience applies equally to all skills.


Message History

The arc of chaos hits you but does no damage.
Casting: Summon Small Mammal (safe; 1% risk of failure)
Confirm with . or Enter, or press ? or * to list all spells.
Something hits you but does no damage. Space warps around you.
Your hound splashes around in the water.
You hit something but do no damage.
You hear a zap.
A bolt of light appears from out of thin air!
The bolt of light hits you!
Your hound bites something.
You barely miss something.
Your hound bites something.
Something hits you but does no damage. Space warps around you.
Your hound splashes around in the water.
You hear a zap.
A bolt of light appears from out of thin air!
The bolt of light hits you.
Your hound closely misses something.
You miss something. Your bite misses something.
You hear some strange, mumbled words.
Something tries to affect you, but you resist.
Your hound splashes around in the water.
You hit something but do no damage.
You hear a zap.
A bolt of light appears from out of thin air!
The bolt of light hits you!
* * * LOW HITPOINT WARNING * * *
The now-empty wand crumbles to dust.
Your hound bites something.
Aiming: Iceblast
Press: ? - help, Shift-Dir - straight line The mass of ice explodes!
The iceblast engulfs something!!
The iceblast engulfs your rat!!
You kill your rat!
Your rat's corpse disappears in a puff of smoke!
The iceblast engulfs your hound!!
You kill your hound!
Your hound's corpse disappears in a puff of smoke!
The iceblast engulfs you!
* * * LOW HITPOINT WARNING * * *
Something hits you.
* * * LOW HITPOINT WARNING * * *
Something hits you.
You die...

####.## #.# #.# #.#
#.# #.##### #+#
#.#...# #.#...#
##.#...####
#.........#
###########.........#
......§@#.(......<..#
~~~≈≈~§{##.......####
≈≈≈≈≈≈~.'8.#.......#
≈≈≈≈≈≈~.#####....#.#
≈~~~~~~(# #.#.##.#
....$...# ....# #
######### .... ####


There were no monsters in sight!

Vanquished Creatures
  An ice beast (D:4)
  A wight (D:8)
  2 iguanas
  4 adders
  A shadow imp (D:7)
  2 orcs (D:7)
  A ball python (D:3)
12 creatures vanquished.

Vanquished Creatures (collateral kills)
  The ghost of wormed the Magician, a novice GnFE (D:5)
  Sigmund (D:2)
  A wyvern (D:8)
  A nameless horror (D:5)
  2 black bears (D:5)
  2 sky beasts
  2 ogres
  2 centaurs (D:6)
  2 phantoms
  A kobold brigand (D:6)
  2 bullfrogs (D:7)
  A necrophage (D:7)
  A wyvern zombie (D:5)
  A scorpion (D:5)
  4 wights (D:8)
  3 howler monkeys
  2 centaur zombies (D:5)
  A bullfrog zombie (D:5)
  2 jellies
  A hound (D:4)
  An orc priest (D:6)
  2 gnoll boudas
  4 iguanas
  3 orc wizards
  A killer bee zombie (D:5)
  10 gnolls
  7 adders
  3 worms
  13 orcs
  9 endoplasms
  3 giant cockroaches
  4 goblins
  3 hobgoblins
  2 quokkas (D:1)
  12 ball pythons
  4 bats
  2 frilled lizards (D:2)
  12 kobolds
  6 rats
134 creatures vanquished.

Vanquished Creatures (others)
  The ghost of croobank the Digger, a novice GrEE of Vehumet (D:5)
  An electric eel (D:8)
  A bullfrog zombie (D:5)
  6 fungi (D:5)
9 creatures vanquished.

Grand Total: 155 creatures vanquished

Notes
Turn   | Place    | Note
-------+----------+-------------------------------------------
     0 | D:1      | wormed the Gnoll Summoner began the quest for the Orb.
     0 | D:1      | Reached XP level 1. HP: 13/13 MP: 6/6
   114 | D:1      | Found Qimedaet's Magic Scroll Emporium.
   281 | D:1      | Reached XP level 2. HP: 19/19 MP: 5/7
  1316 | D:2      | Reached skill level 5 in Spellcasting
  1316 | D:2      | Reached XP level 3. HP: 22/25 MP: 4/9
  1320 | D:2      | Learned a level 3 spell: Call Canine Familiar
  1324 | D:2      | Learned a level 3 spell: Summon Guardian Golem
  1759 | D:2      | Noticed Sigmund
  1772 | D:2      | Killed Sigmund
  1773 | D:2      | Reached skill level 1 in Fighting
  1773 | D:2      | Reached skill level 1 in Short Blades
  1773 | D:2      | Reached skill level 1 in Long Blades
  1773 | D:2      | Reached skill level 1 in Axes
  1773 | D:2      | Reached skill level 1 in Maces & Flails
  1773 | D:2      | Reached skill level 1 in Polearms
  1773 | D:2      | Reached skill level 1 in Staves
  1773 | D:2      | Reached skill level 1 in Ranged Weapons
  1773 | D:2      | Reached skill level 1 in Throwing
  1773 | D:2      | Reached skill level 1 in Armour
  1773 | D:2      | Reached skill level 1 in Shields
  1773 | D:2      | Reached skill level 1 in Unarmed Combat
  1773 | D:2      | Reached skill level 1 in Conjurations
  1773 | D:2      | Reached skill level 1 in Hexes
  1773 | D:2      | Reached skill level 1 in Necromancy
  1773 | D:2      | Reached skill level 1 in Translocations
  1773 | D:2      | Reached skill level 1 in Transmutations
  1773 | D:2      | Reached skill level 1 in Fire Magic
  1773 | D:2      | Reached skill level 1 in Ice Magic
  1773 | D:2      | Reached skill level 1 in Air Magic
  1773 | D:2      | Reached skill level 1 in Earth Magic
  1773 | D:2      | Reached skill level 1 in Poison Magic
  1773 | D:2      | Reached skill level 1 in Invocations
  1773 | D:2      | Reached skill level 1 in Evocations
  1773 | D:2      | Reached XP level 4. HP: 27/33 MP: 6/11
  1773 | D:2      | Reached XP level 5. HP: 31/38 MP: 6/12
  1780 | D:2      | Found a faded altar of an unknown god.
  2545 | D:3      | Learned a level 4 spell: Summon Lightning Spire
  2622 | D:3      | Reached XP level 6. HP: 44/44 MP: 13/13
  2832 | D:3      | Reached skill level 5 in Dodging
  2937 | D:3      | Found a broken altar of Ashenzari.
  3273 | D:3      | Found a white marble altar of Elyvilon.
  3780 | D:4      | Noticed an ice beast
  3797 | D:4      | Killed an ice beast
  4116 | D:4      | Found a sparkling altar of Nemelex Xobeh.
  4180 | D:4      | Reached XP level 7. HP: 50/50 MP: 9/15
  4828 | D:4      | Found Putongud's Self-Improvement Boutique.
  5195 | D:4      | Found a staircase to the Ecumenical Temple.
  5435 | Temple   | Entered the Ecumenical Temple
  5485 | D:5      | Entered Level 5 of the Dungeon
  5692 | D:5      | Found a runed translucent gate.
  5692 | D:5      | Found a runed translucent gate.
  5692 | D:5      | Found a runed translucent gate.
  5692 | D:5      | Noticed wormed's ghost (novice GnFE)
  5941 | D:5      | Found a basalt altar of Yredelemnul.
  6015 | D:4      | Reached skill level 5 in Stealth
  6368 | D:4      | Noticed a nameless horror
  6389 | D:5      | Killed a nameless horror
  7196 | D:5      | Found a shadowy altar of Dithmenos.
  7676 | D:5      | Reached XP level 8. HP: 58/58 MP: 11/16
  7859 | D:5      | Learned a level 5 spell: Summon Mana Viper
  8186 | D:5      | Found a runed translucent gate.
  8186 | D:5      | Found a runed translucent gate.
  8268 | D:5      | Found a runed translucent gate.
  8270 | D:5      | Noticed croobank's ghost (novice GrEE)
  8304 | D:5      | Killed croobank's ghost
  8455 | D:5      | Killed wormed's ghost
  8456 | D:5      | Reached skill level 8 in Summonings
  8456 | D:5      | Reached XP level 9. HP: 65/65 MP: 9/18
  9613 | D:6      | Reached skill level 5 in Invocations
 10491 | D:7      | Found an iron altar of Okawaru.
 11147 | D:8      | Reached skill level 5 in Fighting
 11147 | D:8      | Reached skill level 5 in Short Blades
 11147 | D:8      | Reached skill level 5 in Long Blades
 11147 | D:8      | Reached skill level 5 in Axes
 11147 | D:8      | Reached skill level 5 in Maces & Flails
 11147 | D:8      | Reached skill level 5 in Polearms
 11147 | D:8      | Reached skill level 5 in Staves
 11147 | D:8      | Reached skill level 5 in Ranged Weapons
 11147 | D:8      | Reached skill level 5 in Throwing
 11147 | D:8      | Reached skill level 5 in Armour
 11147 | D:8      | Reached skill level 5 in Shields
 11147 | D:8      | Reached skill level 5 in Unarmed Combat
 11147 | D:8      | Reached skill level 5 in Evocations
 11147 | D:8      | Reached XP level 10. HP: 74/74 MP: 12/20
 11287 | D:8      | Found Reups's Armour Shop.
 11585 | D:8      | Noticed Psyche
 11607 | D:8      | HP: 3/74 [something (4)]
 11607 | D:8      | Slain by Psyche

Illustrated notes

Levels and vault maps discovered:
D:1:      dpeg_arrival_rooms_with_view, layout_loops_ring, serial_glass,
          glass_columns_a, glass_columns_c, serial_shops, shop_scrolls,
          minmay_misc_feat_nine_boxes, minmay_misc_feat_four_crosses
D:2:      layout_basic, hellmonk_ecumenical_altar_blasted, uniq_sigmund
D:3:      layout_loops_corners, ashenzari_altar_1,
          nicolae_overflow_hidden_temple, elyvilon_altar_5,
          kennysheep_decorative_pillar, minmay_snake_closets
D:4:      layout_layer_cave, nemelex_xobeh_ov_fountains_minmay, temple_statues,
          nicolae_shop_self_help
D:5:      layout_cave_pods, nicolae_yredelemnul_ghost_church,
          mainiacjoe_overflow_alcove_4, gammafunk_ghost_necromancy,
          minmay_misc_feat_alley
D:6:      layout_basic, chequers_avenue
D:7:      layout_loops_ring, mainiacjoe_overflow_catwalk
D:8:      layout_loops_corners, nzn_hepliaklqana_mist_gate,
          mainiacjoe_overflow_big_doors, dpeg_oklobed_lair, serial_shops,
          nicolae_take_the_stairs, nrook_pool_corridor, uniq_psyche
Temple:   hellmonk_temple_rainy

Skill      XL: |  1  2  3  4  5  6  7  8  9 10 |
---------------+-------------------------------+-----
Spellcasting   | 5 6 7 |  7.2
Fighting       | 1 2 3 4 5 |  5.1
Short Blades   | 1 2 3 4 5 |  5.1
Long Blades    | 1 2 3 4 5 |  5.1
Axes           | 1 2 3 4 5 |  5.1
Maces & Flails | 1 2 3 4 5 |  5.1
Polearms       | 1 2 3 4 5 |  5.1
Staves         | 1 2 3 4 5 |  5.1
Ranged Weapons | 1 2 3 4 5 |  5.1
Throwing       | 1 2 3 4 5 |  5.1
Armour         | 1 2 3 4 5 |  5.1
Shields        | 1 2 3 4 5 |  5.1
Unarmed Combat | 1 2 3 4 5 |  5.1
Conjurations   | 1 2 3 4 |  4.2
Hexes          | 1 2 3 4 |  4.2
Necromancy     | 1 2 3 4 |  4.2
Translocations | 1 2 3 4 |  4.2
Transmutations | 1 2 3 4 |  4.2
Fire Magic     | 1 2 3 4 |  4.2
Ice Magic      | 1 2 3 4 |  4.2
Air Magic      | 1 2 3 4 |  4.2
Earth Magic    | 1 2 3 4 |  4.2
Poison Magic   | 1 2 3 4 |  4.2
Invocations    | 1 2 3 4 5 |  5.6
Evocations     | 1 2 3 4 5 |  5.1
Dodging        | 5 6 7 |  7.0
Stealth        | 5 6 |  6.7
Summonings     | 8 |  8.4

Action                   |  1- 3 |  4- 6 |  7- 9 | 10-12 || total
-------------------------+-------+-------+-------+-------++-------
Melee: Unarmed           |    11 |       |       |       ||    11
       Bite              |     2 |       |     9 |       ||    11
       Dagger            |     2 |    35 |    80 |    19 ||   136
       Punch             |       |     2 |     3 |     1 ||     6
 Cast: Summon Small Mamm |    38 |    29 |    28 |     2 ||    97
       Call Canine Famil |     2 |    19 |    58 |     6 ||    85
       Summon Lightning  |       |       |    16 |     2 ||    18
       Summon Guardian G |       |       |     3 |       ||     3
Evoke: Wand              |       |       |       |     1 ||     1
  Use: Potion            |       |       |     1 |       ||     1
 Stab: Sleeping          |       |     3 |     1 |       ||     4
       Distracted        |       |       |     2 |     1 ||     3
Armor: Robe              |    12 |     4 |    25 |     3 ||    44
Dodge: Dodged            |    44 |    28 |   112 |     7 ||   191
